 Dungeon Crawl Stone Soup version 0.31.0-1-g2c135a008e (webtiles) character file.

Game seed: 15963490474423723749

24 Peloso the Covered (level 2, 27/27 HPs)
             Began as a Minotaur Fighter on Jan 20, 2024.
             Got out of the dungeon alive.
             The game lasted 00:01:10 (752 turns).

Peloso the Covered (Minotaur Fighter)                Turns: 752, Time: 00:01:11

Health: 27/27      AC: 11    Str: 24    XL:     2   Next: 79%
Magic:  1/1        EV:  6    Int:  4    God:
Gold:   25         SH:  4    Dex:  8    Spells: 1/1 levels left

rFire   . . .        a - +0 long sword
rCold   + . .        d - +0 buckler
rNeg    . . .        c - +0 plate armour
rPois   .            (helmet unavailable)
rElec   .            (no cloak)
rCorr   .            (no gloves)
SInv    .            (no boots)
Will    .....        (no amulet) Stlth
                     (no ring)
HPRegen 0.24/turn    (no ring)
MPRegen 0.07/turn

%: no passive effects
@: hasted, very quick
A: horns 3, retaliatory headbutt, cold resistance 1, strong 1, teleportitis 1
a: no special abilities


You escaped.
You visited 1 branch of the dungeon, and saw 1 of its levels.

You collected 25 gold pieces.

Inventory:

Hand Weapons
 a - a +0 long sword (weapon)
Armour
 b - a +0 scale mail
 c - a +0 plate armour (worn)
 d - a +0 buckler (worn)
Scrolls
 e - a scroll of identify {unknown}
 j - a scroll of vulnerability {unknown}
Potions
 f - a potion of might
 i - a potion of curing


   Skills:
 + Level 4.1 Fighting
 + Level 2.6 Long Blades
 + Level 4.3 Armour
 + Level 3.6 Shields


You had one spell level left.
You didn't know any spells.
Your spell library contained the following spells:

 Spells                   Type           Power      Damage    Failure   Level
 Call Canine Familiar     Summ           0%         N/A       100%        3
 Sigil of Binding         Hex            0%         N/A       100%        3
 Dimensional Bullseye     Hex/Tloc       0%         N/A       100%        4


Dungeon Overview and Level Annotations

Branches:
Dungeon (1/15)

Altars:


Innate Abilities, Weirdness & Mutations

You have a pair of large horns on your head.
You reflexively headbutt those who attack you in melee.
Your flesh is cold resistant. (rC+)
Your muscles are strong. (Str +4, Int/Dex -1)
You are occasionally teleported next to monsters.


Message History

The goblin is severely wounded.
You block the goblin's attack.
You hit the goblin.
You kill the goblin!
You see here a +0 dagger.
A hobgoblin comes into view.
The hobgoblin shouts!
A hobgoblin is nearby!
A hobgoblin is nearby!
You slash the hobgoblin!
You kill the hobgoblin!
j - a scroll labelled JEHIM ILIUHOUBBYP A hobgoblin comes into view.
A hobgoblin is nearby!
A hobgoblin is nearby!
You hit the hobgoblin but do no damage. The hobgoblin barely misses you.
You completely miss the hobgoblin. You headbutt the hobgoblin.
The hobgoblin is moderately wounded.
You block the hobgoblin's attack. The hobgoblin barely misses you.
You hit the hobgoblin.
The hobgoblin is almost dead.
You block the hobgoblin's attack.
You closely miss the hobgoblin.
The hobgoblin is almost dead.
The hobgoblin hits you.
You hit the hobgoblin.
You kill the hobgoblin!
Done exploring.
Done exploring.
Done exploring.
Done exploring.
It was a potion of haste.
You feel yourself speed up.
It was a potion of mutation.
You feel extremely strange. The horns on your head grow some more.
You feel stronger.
You feel weirdly uncertain.
You feel resistant to cold.
What level of the Dungeon? (default 1, ? - help)
There is a stone staircase leading down here.
There is an open door here.
There is a staircase leading out of the dungeon here.
You have escaped!

#.# #.##.#.#.#.## ### #.#
#.##..##.##.#
##>########.#####.##.........
#.)...................##....#
##.####...#####...##.#......# #.#
#...#...#..............
####.####.###.8.###.##.........
#.........#.......#.##.#.......
###.##.###..+.8.@.8.'.##.##.....#
.......# #..#.......#.##.###...##
##†##### #..###.8.###.##.####.###
#.# #....#...#.............. #.#
#....#####....#########. ##.#
#.............# ##. #..#
###.#######.##### #.. #.##
#.......###.######### #.. #.#
#....##.............# #..


There were no monsters in sight!

Vanquished Creatures
  A dart slug (D:1)
  2 endoplasms (D:1)
  2 giant cockroaches (D:1)
  2 goblins (D:1)
  3 hobgoblins (D:1)
  A kobold (D:1)
  4 ball pythons (D:1)
  A bat (D:1)
  A frilled lizard (D:1)
  4 rats (D:1)
21 creatures vanquished.

Notes
Turn   | Place    | Note
-------+----------+-------------------------------------------
     0 | D:1      | Peloso the Minotaur Fighter began the quest for the Orb.
     0 | D:1      | Reached XP level 1. HP: 19/19 MP: 0/0
   185 | D:1      | Reached XP level 2. HP: 27/27 MP: 1/1
   717 | D:1      | Gained mutation: You have a pair of large horns on your
                  | head. [potion of mutation]
   717 | D:1      | Gained mutation: Your muscles are strong. (Str +4, Int/Dex
                  | -1) [potion of mutation]
   717 | D:1      | Gained mutation: You are occasionally teleported next to
                  | monsters. [potion of mutation]
   717 | D:1      | Gained mutation: Your flesh is cold resistant. (rC+)
                  | [potion of mutation]
   752 | D:$      | Got out of the dungeon alive.

Illustrated notes

Levels and vault maps discovered:
D:1:      dpeg_arrival_simpleton_c, layout_loops_ring

Skill      XL: |  1  2 |
---------------+-------+-----
Armour         | 4 |  4.3
Fighting       | 4 |  4.1
Long Blades    | |  2.6
Shields        | |  3.6

Action                     || total
---------------------------++-------
  Melee: Long sword        ||    35
         Headbutt          ||     4
    Use: Potion            ||     3
 Armour: Scale mail        ||     8
         Plate armour      ||    15
  Dodge: Dodged            ||    15
  Block: Buckler           ||     8
